 Dungeon Crawl Stone Soup version 0.31-a0-233-g139696dc86 (webtiles) character file.

Game seed: 7907947226383732757

182 qw the Shooter (level 5, -19/30 HPs)
             Began as a Gargoyle Hexslinger on July 9, 2023.
             Demolished by an ogre
             ... wielding a +0 giant club
              (23 damage)
             ... on level 3 of the Dungeon.
             The game lasted 00:06:34 (4778 turns).

qw the Shooter (Gargoyle Hexslinger)                Turns: 4778, Time: 00:06:35

Health: -19/30     AC: 12    Str: 12    XL:     5   Next: 62%
Magic:  6/6        EV: 11    Int: 13    God:
Gold:   122        SH:  0    Dex: 20    Spells: 5/6 levels left

rFire   . . .        a - +3 sling (heavy)
rCold   . . .        (no shield)
rNeg    + . .        d - +0 ring mail
rPois   inf          (no helmet)
rElec   +            (no cloak)
rCorr   .            (no gloves)
SInv    .            e - +2 pair of boots
Will    .....        (no amulet)
Stlth   +            k - +6 ring of dexterity
HPRegen 0.25/turn    (no ring)
MPRegen 0.10/turn

%: no passive effects
@: about to teleport
A: sickness immunity, AC +4, negative energy resistance 1, electricity
resistance, torment resistance 1, petrification resistance
a: no special abilities


You were on level 3 of the Dungeon.
You visited 1 branch of the dungeon, and saw 4 of its levels.

You collected 180 gold pieces.
You spent 58 gold pieces at shops.


Innate Abilities, Weirdness & Mutations

You are immune to sickness and miasma.
Your stone body is resilient. (AC +4)
You are immune to poison.
You resist negative energy. (rN+)
You are resistant to electric shocks. (rElec)
You are resistant to unholy torment.
You are immune to petrification.


   Skills:
 - Level 2.0 Fighting
 + Level 4.3 Ranged Weapons
 - Level 3.2 Armour
 - Level 1.5 Dodging
 - Level 1.0 Spellcasting
 - Level 2.6 Hexes


You had 5 spell levels left.
You knew the following spells:

 Your Spells              Type           Power      Damage    Failure   Level
a - Slow                  Hex            28%        N/A       21%         1

Your spell library contained the following spells:

 Spells                   Type           Power      Damage    Failure   Level
 Inner Flame              Hex/Fire       4%         N/A       71%         3
 Portal Projectile        Hex/Tloc       8%         N/A       71%         3
 Cause Fear               Hex            3%         N/A       89%         4

Inventory:

Hand Weapons
 a - a +3 heavy sling (weapon)
Armour
 d - a +0 ring mail (worn)
 e - a +2 pair of boots (worn)
Jewellery
 b - a ring of fire
 k - a +6 ring of dexterity (left hand)
Scrolls
 h - 2 scrolls of identify
Potions
 f - a potion of curing
 i - a potion of mutation

Dungeon Overview and Level Annotations

Branches:
Dungeon (4/15)
 Temple: D:4-7

Altars:
Elyvilon
Hepliaklqana
Makhleb
Nemelex Xobeh
Qazlal
Yredelemnul

Shops:
D:1 =**=


Message History

You shoot a sling bullet. The sling bullet hits the black bear!
The black bear is almost dead.
The hobgoblin closely misses you.
The black bear goes berserk!
The kobold barely misses you. The hobgoblin barely misses you.
The black bear bites you!
The black bear claws you but does no damage.
The black bear claws you. The kobold hits you but does no damage.
You shoot a sling bullet. The sling bullet hits the black bear!
You kill the black bear!
The hobgoblin hits you. The kobold hits you but does no damage.
The hobgoblin hits you but does no damage.
The kobold hits you but does no damage.
Your Armour skill gained 3 levels and is now at level 3!
You have reached level 5!
You shoot a sling bullet. The sling bullet hits the kobold!
You kill the kobold!
The hobgoblin hits you but does no damage. x2
You shoot a sling bullet. The sling bullet hits the hobgoblin.
You kill the hobgoblin!
You start resting.
HP restored.
Done exploring.
(D) Dungeon
Where to? (* - list waypoints, Enter - D:4, ? - help)
What level of the Dungeon? (default 1, ? - help)
You climb downwards.
The goblin barely misses you. The ogre hits you with a +0 giant club!
The goblin closely misses you.
There is a stone staircase leading up here.
4776 ||| STAIRDANCE The ogre hits you with a +0 giant club!
Ouch! That really hurt!
The goblin hits you but does no damage.
You climb upwards.
There is a stone staircase leading down here.
4778 ||| READING scroll of teleportation.
As you read the scroll of teleportation, it crumbles to dust.
You feel strangely unstable.
The ogre hits you with a +0 giant club!!
Ouch! That really hurt!
You die...

#....#
#....######.##.###.###
####.###.##.#....(.##.#
#.#
##...###........##.#
#.#### ##.##
#.#.#######.# #....#
#.# #...........#
####.# #.#
###.....##### #.# #.#
#####.# #<# #.#
##g##########.# #.##
#@)...........# #..#
#.O......###### ##.#
##)#####.# #.# #.# #.#
#.# #.#####.# #.#
#.......# #.# #.#######
#.# #.# #.# #.#


You could see an ogre and a goblin.

Vanquished Creatures
  A black bear (D:3)
  A river rat (D:3)
  An adder (D:3)
  2 worms (D:3)
  A dart slug (D:3)
  An orc (D:3)
  9 bats
  10 endoplasms
  4 giant cockroaches
  2 goblins
  4 hobgoblins
  2 quokkas
  9 ball pythons
  A frilled lizard (D:3)
  4 kobolds
  8 rats
60 creatures vanquished.

Notes
Turn   | Place    | Note
-------+----------+-------------------------------------------
     0 | D:1      | qw the Gargoyle Hexslinger began the quest for the Orb.
     0 | D:1      | Reached XP level 1. HP: 12/12 MP: 2/2
     0 | D:1      | 0 ||| qw: Version: 0.3-a-51-g015441d
     0 | D:1      | 0 ||| qw: Game counter: 3898
     0 | D:1      | 0 ||| qw: Melee chars always use a shield: true
     0 | D:1      | 0 ||| qw: God list: Okawaru
     0 | D:1      | 0 ||| qw: Allow faded altars: false
     0 | D:1      | 0 ||| qw: Do Orc after clearing Dungeon:15 true
     0 | D:1      | 0 ||| qw: Do second Lair branch before Depths: true
     0 | D:1      | 0 ||| qw: Lair rune preference: random
     0 | D:1      | 0 ||| qw: Goals: Normal
     0 | D:1      | 0 ||| PLANNING D:1-11
    60 | D:1      | Found Vonne's Jewellery Shop.
    66 | D:1      | 66 ||| SHOPLISTING +4 ring of protection (360 gold, have
                  | 10).
    66 | D:1      | 66 ||| SHOPLISTING +6 ring of dexterity (360 gold, have
                  | 10).
    66 | D:1      | 66 ||| SHOPLISTING amulet of the acrobat (300 gold, have
                  | 10).
    66 | D:1      | 66 ||| SHOPLISTING ring of protection from fire (250 gold,
                  | have 10).
    66 | D:1      | 66 ||| SHOPLISTING ring of see invisible (150 gold, have
                  | 10).
   107 | D:1      | Found Coivel's Assorted Antiques.
   109 | D:1      | Reached XP level 2. HP: 16/16 MP: 3/3
   117 | D:1      | 117 ||| SHOPLISTING fizzy silvery potion (23 gold, have
                  | 10).
   117 | D:1      | 117 ||| SHOPLISTING gilded ring (130 gold, have 10).
   117 | D:1      | 117 ||| SHOPLISTING glowing golden ring (130 gold, have
                  | 10).
   117 | D:1      | 117 ||| SHOPLISTING green potion (23 gold, have 10).
   117 | D:1      | 117 ||| SHOPLISTING leather armour (52 gold, have 10).
   117 | D:1      | 117 ||| SHOPLISTING runed ring mail (182 gold, have 10).
   117 | D:1      | 117 ||| SHOPLISTING scroll labelled ALAFEOQEUB (26 gold,
                  | have 10).
   117 | D:1      | 117 ||| SHOPLISTING scroll labelled XUOR SIM XOV (26 gold,
                  | have 10).
   276 | D:1      | Found Aschahell's Jewellery Shoppe.
   285 | D:1      | 285 ||| SHOPLISTING +6 ring of strength (504 gold, have
                  | 60).
   285 | D:1      | 285 ||| SHOPLISTING ring "Riev" {rF+ Dex+6} (700 gold, have
                  | 60).
   285 | D:1      | 285 ||| SHOPLISTING ring of Zehel {Drain Str+6 Int+6
                  | Stlth+} (739 gold, have 60).
   285 | D:1      | 285 ||| SHOPLISTING ring of willpower (350 gold, have 60).
   297 | D:1      | Reached skill level 3 in Ranged Weapons
   384 | D:1      | Reached XP level 3. HP: 19/21 MP: 4/4
   439 | D:1      | Found Nah Difoi's Assorted Antiques.
   448 | D:1      | 448 ||| BUYING fizzy ruby potion (18 gold).
   448 | D:1      | Bought a fizzy ruby potion for 18 gold pieces
   448 | D:1      | 448 ||| SHOPLISTING helmet (90 gold, have 52).
   448 | D:1      | 448 ||| BUYING leather armour (40 gold).
   448 | D:1      | Bought a leather armour for 40 gold pieces
   448 | D:1      | 448 ||| SHOPLISTING pair of gloves (90 gold, have 12).
   448 | D:1      | 448 ||| SHOPLISTING pearl ring (100 gold, have 12).
   448 | D:1      | 448 ||| SHOPLISTING red potion (18 gold, have 12).
   448 | D:1      | 448 ||| SHOPLISTING scroll labelled ALAFEOQEUB (20 gold,
                  | have 12).
   681 | D:1      | 681 ||| UPGRADING to +2 pair of boots.
   686 | D:1      | 686 ||| UPGRADING to +0 leather armour.
   696 | D:1      | 696 ||| DROPPING +0 robe.
   697 | D:1      | 697 ||| UPGRADING to +6 ring of dexterity.
   698 | D:1      | 698 ||| READING scroll labelled MOHON UTUFYCS.
   699 | D:1      | 699 ||| READING scroll labelled VYIKHLA KUSMOE.
   700 | D:1      | 700 ||| READING 3 scrolls labelled ALAFEOQEUB.
   701 | D:1      | 701 ||| DRINKING 2 fizzy silvery potions.
   702 | D:1      | 702 ||| READING 2 scrolls of identify.
   702 | D:1      | 702 ||| IDENTIFYING fizzy ruby potion
   703 | D:1      | 703 ||| DROPPING scroll of poison.
   704 | D:1      | 704 ||| DROPPING potion of attraction.
  1448 | D:2      | 1448 ||| READING scroll labelled YLOMUO JUTIRPH.
  1449 | D:2      | 1449 ||| READING scroll labelled BOUGAZUIXT.
  1488 | D:3      | 1488 ||| PLANNING SEWER
  1660 | D:3      | Found a hazy altar of Hepliaklqana.
  1747 | D:3      | Found a basalt altar of Yredelemnul.
  1749 | D:3      | Found a white marble altar of Elyvilon.
  1749 | D:3      | Found a burning altar of Makhleb.
  1781 | D:3      | Found a stormy altar of Qazlal.
  1789 | D:3      | Reached skill level 4 in Ranged Weapons
  1789 | D:3      | Reached XP level 4. HP: 23/26 MP: 5/5
  1879 | D:3      | 1879 ||| READING scroll of enchant weapon.
  1879 | D:3      | 1879 ||| ENCHANTING +2 heavy sling.
  1957 | D:3      | Found a sparkling altar of Nemelex Xobeh.
  2229 | D:3      | Found a glowing drain.
  2230 | D:3      | 2230 ||| Stepping ~*~*~tactically~*~*~ (water).
  2263 | D:3      | 2263 ||| UPGRADING to +0 ring mail.
  2273 | D:3      | 2273 ||| DROPPING +0 leather armour.
  2274 | D:3      | 2274 ||| READING scroll labelled JUACVO URAYPO.
  2275 | D:3      | 2275 ||| READING 2 scrolls labelled XUOR SIM XOV.
  2278 | D:3      | 2278 ||| READING 3 scrolls of identify.
  2278 | D:3      | 2278 ||| IDENTIFYING green potion
  4684 | D:3      | 4684 ||| RIP SEWER
  4684 | D:3      | 4684 ||| PLANNING D:1-11
  4698 | D:4      | Noticed a black bear
  4699 | D:4      | Noticed an ogre
  4700 | D:4      | 4700 ||| STAIRDANCE
  4703 | D:3      | Killed a black bear
  4704 | D:3      | Reached skill level 3 in Armour
  4704 | D:3      | Reached XP level 5. HP: 12/30 MP: 6/6
  4776 | D:4      | 4776 ||| STAIRDANCE
  4776 | D:4      | HP: 4/30 [ogre/+0 giant club (15)]
  4778 | D:3      | 4778 ||| READING scroll of teleportation.
  4778 | D:3      | Demolished by an ogre

Levels and vault maps discovered:
D:1:      spicycebolla_arrival_clurvy, layout_loops_ring, serial_shops,
          nicolae_shop_overgrown_old_shop, shop,
          nicolae_shop_tiny_statue_garden, shop, chequers_serial_rivers_large_a,
          hangedman_decor_push, minmay_pentomino_u2
D:2:      layout_basic
D:3:      layout_loops_ring, nicolae_qazlal_scattered_showers,
          nemelex_diamond_rough_becter, grunt_temple_overflow_open,
          mainiacjoe_overflow_paths, portal_sewer_entry_e
D:4:      layout_basic, kennysheep_little_box, mainiacjoe_overflow_alcove_4,
          mainiacjoe_overflow_boulevard, minmay_temple_entry_waves,
          grunt_decor_arrowhead, st_stairs_9

Skill      XL: |  1  2  3  4 |
---------------+-------------+-----
Ranged Weapons | 3 4 |  4.3
Fighting       | 2 |  2.0
Armour         | 3 |  3.2
Dodging        | |  1.5
Spellcasting   | |  1.0
Hexes          | |  2.6

Action                     |  1- 3 |  4- 6 || total
---------------------------+-------+-------++-------
   Fire: Sling             |   107 |    28 ||   135
    Use: Scroll            |     6 |     5 ||    11
         Potion            |     1 |       ||     1
 Armour: Robe              |    14 |       ||    14
         Leather armour    |     4 |     2 ||     6
         Ring mail         |       |    11 ||    11
  Dodge: Dodged            |    25 |    16 ||    41

Table legend:
 A = Non-vault XP
 B = Vault XP
 C = Vault XP percentage of total XP
 D = Non-vault monster count
 E = Vault monster count
 F = Vault count percentage of total count
                 A         B        C        D         E       F
            +---------+---------+-------+---------+---------+-------
      Total |     235 |      26 |  10.0 |      50 |      10 |  16.7
            +---------+---------+-------+---------+---------+-------
        D:1 |      37 |       0 |   0.0 |      22 |       0 |   0.0
        D:2 |      14 |       0 |   0.0 |       8 |       0 |   0.0
        D:3 |     184 |      26 |  12.4 |      20 |      10 |  33.3
            +---------+---------+-------+---------+---------+-------
